 Dungeon Crawl Stone Soup version 0.18.1-6-gd335043 (webtiles) character file.

19282 Arkorax the Covert (level 12, -10/122 HPs)
             Began as a Naga Assassin on May 17, 2016.
             Was an Initiate of Gozag.
             Mangled by a komodo dragon (14 damage)
             ... on level 1 of the Lair of Beasts.
             The game lasted 00:23:15 (14122 turns).

Arkorax the Covert (Naga Assassin)                 Turns: 14122, Time: 00:23:16

Health: -10/122    AC: 23    Str: 22    XL:     12   Next: 67%
Magic:  12/12      EV:  5    Int: 15    God:    Gozag
Gold:   313        SH:  0    Dex: 18    Spells: 0 memorised, 11 levels left

rFire  + . .     SeeInvis +     A - +4 quarterstaff (chaos)
rCold  . . .     Gourm    .     K - +0 plate armour "Koisimil" {rPois rN+ Int-3 Slay+2}
rNeg   + . .     Faith    .     (shield currently unavailable)
rPois  +         Spirit   .     D - +1 helmet
rElec  .         Dismiss  .     d - +0 cloak
rCorr  .         Reflect  .     y - +2 pair of gloves
SustAt .         Harm     .     (no barding)
MR     +....                    (no amulet)
Stlth  ++++......               P - ring of protection from fire
                                u - +5 ring of protection

@: mighty, brilliant, agile, lethally poisoned (-10 -> -11), very slow, somewhat
resistant to hostile enchantments, stealthy
A: see invisible, deformed body, poison resistance, slowness 2, slow metabolism
1, spit poison 2, AC +4
a: Spit Poison, Potion Petition, Call Merchant, Bribe Branch, Renounce Religion


You were on level 1 of the Lair of Beasts.
You worshipped Gozag.
Gozag was noncommittal.
You were not hungry.

You visited 2 branches of the dungeon, and saw 13 of its levels.

You collected 2785 gold pieces.
You spent 556 gold pieces at shops.
You paid 1916 gold pieces to Gozag.

Inventory:

Hand Weapons
 a - a +2 dagger
 b - a +0 blowgun
 A - a +4 quarterstaff of chaos (weapon)
 N - a +2 dagger of chaos
Missiles
 e - 28 poisoned needles
 i - 2 curare-tipped needles
 L - 3 javelins of penetration (quivered)
Armour
 d - a +0 cloak (worn)
 y - a +2 pair of gloves (worn)
 D - a +1 helmet (worn)
 K - the +0 plate armour "Koisimil" (worn) {rPois rN+ Int-3 Slay+2}
   (You bought it in a shop on level 7 of the Dungeon)

   It affects your intelligence (-3).
   It affects your accuracy and damage with ranged weapons and melee attacks
   (+2).
   It protects you from poison.
   It protects you from negative energy.
Jewellery
 h - a cursed ring of loudness
 u - a +5 ring of protection (left hand)
 M - an uncursed amulet of inaccuracy
 P - a ring of protection from fire (right hand)
Wands
 p - a wand of disintegration (17/24)
 q - a wand of paralysis (11/24)
 r - a wand of flame (20/48)
 E - a wand of random effects (18/48)
 G - a wand of slowing (18/48)
 I - a wand of confusion (16/48)
 J - a wand of confusion (28/48)
Scrolls
 f - 3 scrolls of amnesia
 l - 4 scrolls of identify
 n - 5 scrolls of remove curse
 s - a scroll of recharging
 v - 2 scrolls of random uselessness
 x - 2 scrolls of noise
Potions
 c - a potion of cancellation {unknown}
 k - a potion of flight
 w - a potion of magic
 z - 2 potions of brilliance
 C - a potion of agility
 F - a potion of degeneration
Books
 j - a Grand Grimoire

   Spells                             Type                      Level
   a - Monstrous Menagerie            Summoning                    7
   b - Summon Greater Demon           Summoning                    7
   c - Malign Gateway                 Summoning/Translocation      7
   d - Summon Horrible Things         Summoning                    8
 H - a book of Changes

   Spells                             Type                      Level
   a - Beastly Appendage              Transmutation                1
   b - Sticks to Snakes               Transmutation                2
   c - Spider Form                    Transmutation/Poison         3
   d - Ice Form                       Ice/Transmutation            4
   e - Blade Hands                    Transmutation                5
 O - a book of Debilitation

   Spells                             Type                      Level
   a - Corona                         Hexes                        1
   b - Slow                           Hexes                        2
   c - Gell's Gravitas                Hexes/Translocation          3
   d - Inner Flame                    Hexes/Fire                   3
   e - Cause Fear                     Hexes                        4
   f - Leda's Liquefaction            Hexes/Earth                  4
Miscellaneous
 B - a phial of floods (inert)
Comestibles
 g - 2 bread rations
 m - 4 royal jellies
 o - 4 meat rations
 t - 4 slices of pizza


   Skills:
 * Level 12.2 Fighting
 - Level 6.2 Short Blades
 * Level 10.5 Staves
 - Level 1.7 Throwing
 + Level 6.0 Armour
 - Level 0.7 Dodging
 - Level 14.2 Stealth


You had 11 spell levels left.
You didn't know any spells.

Dungeon Overview and Level Annotations

Branches:
Dungeon (12/15)              Lair (1/8) D:11            Orc (0/2) D:11
 Temple: D:4-7

Altars:
Ashenzari
Cheibriados
Elyvilon
Gozag
Okawaru
Pakellas
Vehumet
Yredelemnul

Shops:
D:5 }   D:7 [}   D:10 [

Annotations:
D:4 Duvessa


Innate Abilities, Weirdness & Mutations

You cannot wear boots.
Your serpentine skin is tough (AC +4).
You have supernaturally acute eyesight.
Armour fits poorly on your strangely shaped body.
Your system is resistant to poisons.
You cover ground very slowly.
You have a slow metabolism.
You can spit poison.


Message History

Purchase which effect?
You no longer have enough gold to petition Gozag for potion effects.
You feel very mighty all of a sudden.
You feel agile all of a sudden.
You feel clever all of a sudden.
You feel sick.
The komodo dragon bites you but does no damage.
You feel sick.
The komodo dragon is distracted by the nearby gold.
You have got your breath back.
You feel sick.
You feel sick.
The komodo dragon is no longer distracted by gold.
You feel sick.
You feel sick.
You feel sick. The komodo dragon barely misses you.
There is a staircase back to the Dungeon here.
The komodo dragon bites you!
You die...
Your body crumbles into a pile of gold.

.............#............##.....
.............#...................
...........#.....................
#.......................#........
#........................ .....
...............#.................
.........>...........##.........
..#.......................#.....
.>.............@................
.........#......l..#............
.#................##............
#..............................
#P.....##......................
#...............##......##.....
...........##............
........>.......#$.......
P......................


You could see a komodo dragon.

Vanquished Creatures
  Maud (D:11)
  A hydra (D:11)
  2 unseen horrors
  4 hill giants
  Joseph (D:9)
  Psyche (D:8)
  2 centaur zombies
  A spiny frog (Lair:1)
  A komodo dragon (D:11)
  A two-headed ogre (D:10)
  4 trolls
  Grinder (D:5)
  A shadow (D:11)
  Sigmund (D:5)
  A hill giant zombie (D:11)
  11 yaks (D:10)
  A hippogriff (D:11)
  Grum (D:11)
  A basilisk (D:8)
  3 hungry ghosts
  Menkaure (D:4)
  A water moccasin (D:9)
  2 soldier ants
  A porcupine (Lair:1)
  4 ice beasts
  3 orc warriors
  3 sky beasts
  A necrophage (D:10)
  An eye of draining (D:11)
  3 phantoms
  7 ogres
  2 wolves (D:11)
  9 centaurs
  A big kobold (D:9)
  9 giant frogs
  A wyvern skeleton (D:7)
  A water moccasin zombie (D:6)
  A scorpion (D:7)
  2 troll zombies (D:11)
  21 killer bees
  7 howler monkeys
  8 wights
  16 crimson imps
  2 giant frog zombies
  9 hounds
  A quasit (D:10)
  7 jellies
  2 giant frog skeletons
  9 orc priests
  8 orc wizards
  Crazy Yiuf (D:5)
  5 iguanas
  15 worker ants
  5 ogre zombies (D:11)
  A hound skeleton (D:7)
  2 worker ant zombies
  7 gnolls
  7 adders
  A shadow imp (D:5)
  5 oozes (D:8)
  4 worms
  A dart slug (D:3)
  5 giant geckos
  34 orcs
  6 bats
  5 giant cockroaches
  7 goblins
  3 hobgoblins
  16 jackals
  8 kobolds
  A quokka (D:11)
  3 ball pythons
  A giant gecko skeleton (D:5)
  5 giant newts
  A goblin skeleton (D:11)
  A goblin zombie (D:11)
  A hobgoblin skeleton (D:11)
  3 hobgoblin zombies (D:11)
  A jackal zombie (D:5)
  5 orc skeletons (D:11)
  12 orc zombies (D:11)
  A quokka skeleton (D:5)
  6 rats
362 creatures vanquished.

Vanquished Creatures (collateral kills)
  Snorg (D:11)
  An orc zombie (D:11)
2 creatures vanquished.

Vanquished Creatures (others)
  A killer bee (D:10)
  A howler monkey (D:3)
  2 orcs
  A jackal (D:6)
5 creatures vanquished.

Grand Total: 369 creatures vanquished

Notes
Turn   | Place    | Note
--------------------------------------------------------------
     0 | D:1      | Arkorax the Naga Assassin began the quest for the Orb.
     0 | D:1      | Reached XP level 1. HP: 19/19 MP: 1/1
   161 | D:1      | Reached skill level 6 in Stealth
   259 | D:1      | Reached XP level 2. HP: 26/26 MP: 2/2
  1206 | D:2      | Found a faded altar to an unknown god.
  1218 | D:2      | You fall through a shaft!
  1303 | D:3      | Found a radiant altar of Vehumet.
  1307 | D:3      | Reached XP level 3. HP: 33/33 MP: 3/3
  1499 | D:2      | Reached skill level 7 in Stealth
  1749 | D:2      | Found an iron altar of Okawaru.
  1769 | D:2      | Found a shattered altar of Ashenzari.
  2233 | D:2      | Reached XP level 4. HP: 33/40 MP: 4/4
  2564 | D:3      | Found a snail-covered altar of Cheibriados.
  2852 | D:3      | Found an iron altar of Okawaru.
  3188 | D:4      | Noticed Menkaure
  3190 | D:4      | Killed Menkaure
  3190 | D:4      | Reached skill level 8 in Stealth
  3190 | D:4      | Reached XP level 5. HP: 49/49 MP: 5/5
  3195 | D:4      | Noticed a slave
  3224 | D:4      | Reached XP level 6. HP: 50/56 MP: 6/6
  3300 | D:4      | Noticed Duvessa
  3305 | D:4      | Reached skill level 9 in Stealth
  3330 | D:5      | Entered Level 5 of the Dungeon
  3516 | D:5      | Noticed Sigmund
  3532 | D:5      | Killed Sigmund
  3532 | D:5      | Reached XP level 7. HP: 63/63 MP: 7/7
  3554 | D:5      | Found Mutrier's Gadget Shoppe.
  3557 | D:5      | Found an opulent altar of Gozag.
  3560 | D:5      | Became a worshipper of Gozag Ym Sagoz the Greedy
  3571 | D:5      | Noticed Grinder
  3599 | D:5      | Paralysed by Grinder for 2 turns
  3611 | D:5      | Killed Grinder
  3611 | D:5      | Reached skill level 10 in Stealth
  3766 | D:5      | Reached skill level 11 in Stealth
  3963 | D:5      | Reached XP level 8. HP: 73/73 MP: 8/8
  4188 | D:5      | Noticed Crazy Yiuf
  4192 | D:5      | Killed Crazy Yiuf
  4493 | D:5      | Reached skill level 5 in Fighting
  4505 | D:5      | Reached skill level 5 in Short Blades
  4519 | D:5      | Reached skill level 12 in Stealth
  5435 | D:6      | Found a white marble altar of Elyvilon.
  5578 | D:6      | Reached skill level 13 in Stealth
  5590 | D:6      | Reached XP level 9. HP: 35/82 MP: 9/9
  6304 | D:6      | Found a basalt altar of Yredelemnul.
  6580 | D:7      | Reached skill level 14 in Stealth
  6899 | D:7      | Found Lauffov's Armour Shop.
  6919 | D:7      | Bought the cursed +0 plate armour "Koisimil" {rPois rN+ Int-3 Slay+2} for 412 gold pieces
  6980 | D:7      | Found a sand-covered staircase.
  7168 | D:7      | Reached skill level 1 in Staves
  7330 | D:7      | Reached skill level 1 in Armour
  7579 | D:7      | Found an oddly glowing altar of Pakellas.
  7579 | D:7      | Found Pakellas's Prime Provisions.
  8095 | D:7      | Paralysed by fainting for 9 turns
  8207 | D:7      | Reached XP level 10. HP: 93/94 MP: 10/10
  8851 | D:8      | Noticed Psyche
  8858 | D:8      | Killed Psyche
  8858 | D:8      | Reached skill level 5 in Staves
  9499 | D:9      | Noticed Joseph
  9505 | D:9      | Killed Joseph
  9915 | D:9      | Reached XP level 11. HP: 85/106 MP: 11/11
 10046 | D:10     | Entered Level 10 of the Dungeon
 10304 | D:10     | Reached skill level 10 in Fighting
 10742 | D:10     | Noticed a hill giant
 10747 | D:10     | Killed a hill giant
 10811 | D:10     | Noticed a hill giant
 10826 | D:10     | Killed a hill giant
 10853 | D:10     | Found Vunos's Antique Armour Shop.
 10858 | D:10     | Noticed an unseen horror
 11509 | D:10     | Killed an unseen horror
 11521 | D:10     | Bought a pair of embroidered gloves for 144 gold pieces
 11820 | D:11     | Noticed an unseen horror
 11847 | D:11     | Noticed Maud
 12089 | D:10     | Reached skill level 5 in Armour
 12217 | D:11     | Killed an unseen horror
 12335 | D:11     | Noticed a four-headed hydra
 12336 | D:11     | Found a staircase to the Lair.
 12342 | D:11     | Noticed Snorg
 12342 | D:11     | Found a staircase to the Orcish Mines.
 12372 | D:11     | Reached XP level 12. HP: 104/120 MP: 12/12
 12428 | D:11     | Killed Maud
 12967 | D:11     | Noticed Grum
 12984 | D:11     | Killed a four-headed hydra
 13042 | D:11     | Killed Grum
 13042 | D:11     | Reached skill level 10 in Staves
 13373 | D:11     | Killed Snorg
 13962 | Lair:1   | Entered Level 1 of the Lair of Beasts
 14111 | Lair:1   | HP: 6/122 [komodo dragon (11)]
 14116 | Lair:1   | HP: 4/122 [poisoned by a spiny frog]
 14122 | Lair:1   | Mangled by a komodo dragon

Skill      XL: |  1  2  3  4  5  6  7  8  9 10 11 12 |
---------------+-------------------------------------+-----
Stealth        | 6 7 8 9 11 13 14 | 14.2
Fighting       | 3 4 5 7 9 11 12 | 12.2
Short Blades   | 3 4 5 6 |  6.2
Staves         | 3 6 9 10 | 10.5
Armour         | 1 3 5 6 |  6.0
Throwing       | |  1.7
Dodging        | |  0.7

Action                   |  1- 3 |  4- 6 |  7- 9 | 10-12 || total
-------------------------+-------+-------+-------+-------++-------
Melee: Dagger            |   140 |    81 |   345 |       ||   566
       Quarterstaff      |       |       |   124 |   865 ||   989
 Fire: Blowgun           |       |     1 |    29 |     8 ||    38
Throw: Tomahawk          |       |       |       |     3 ||     3
Invok: Potion Petition   |       |       |     1 |     5 ||     6
 Abil: Spit Poison       |    11 |     6 |    10 |     3 ||    30
Evoke: Wand              |       |       |     3 |     3 ||     6
       Phial of floods   |       |       |       |     1 ||     1
  Use: Potion            |       |     2 |     6 |     5 ||    13
       Scroll            |       |       |     1 |    16 ||    17
 Stab: Sleeping          |    11 |     5 |    13 |     8 ||    37
       Distracted        |       |       |     3 |     9 ||    12
       Invisible         |       |       |     6 |     6 ||    12
       Confused          |       |       |     1 |     5 ||     6
       Petrifying        |       |       |     1 |     3 ||     4
       Paralysed         |       |       |       |     7 ||     7
  Eat: Chunk             |     3 |       |       |       ||     3
       Bread ration      |     1 |       |     2 |     2 ||     5
       Meat ration       |       |       |     4 |       ||     4
       Royal jelly       |       |       |       |     7 ||     7
Armor: Robe              |    63 |    32 |   129 |       ||   224
       Plate armour      |       |       |   126 |   843 ||   969
       Leather armour    |       |       |     9 |       ||     9
Dodge: Dodged            |    57 |    52 |   140 |   190 ||   439
